 Dungeon Crawl Stone Soup version 0.31-a0-1111-ga3525b893c (webtiles) character file.

Game seed: 13721984336781375144

112056 theswoord the Warrior (level 16, -87/142 HPs)
             Began as a Demonspawn Gladiator on Dec 3, 2023.
             Was an Elder of Lugonu.
             Killed from afar by Nikola (129 damage)
             ... with an arc of chain lightning
             ... on level 1 of the Shoals.
             The game lasted 00:53:41 (24966 turns).

theswoord the Warrior (Demonspawn Gladiator)       Turns: 24966, Time: 00:53:42

Health: -87/142    AC: 23    Str: 19    XL:     16   Next: 10%
Magic:  0/17       EV: 10    Int: 14    God:    Lugonu [****..]
Gold:   2033       SH:  0    Dex: 17    Spells: 15/15 levels left

rFire   + + .        R - +7 lajatang of Order {silver, rMut}
rCold   + + +        (shield currently unavailable)
rNeg    . . .        B - +0 ring mail of Death Resistance {Dex+2 Slay+3}
rPois   .            Q - +0 hat {SInv}
rElec   .            M - scarf of Gehenna {rC+ rF+, Harm Regen+}
rCorr   .            c - +2 pair of gloves {Stlth+}
SInv    +            E - +2 pair of boots {rampage}
Will    ++...        x - amulet of guardian spirit
Stlth   ++           v - +4 ring of protection
HPRegen 1.23/turn    P - ring of protection from cold
MPRegen 0.15/turn

%: harm (+30% outgoing, +20% incoming), resist mutation, guardian spirit,
rampage
@: held, studying Fighting, invisible
A: hooves 2, molten scales 3, foul stench 2, spiny 1, bedeviling, clever 1, cold
resistance 1, strong-willed 1, screaming 1
a: Renounce Religion, Depart the Abyss, Banish, Corrupt


You were on level 1 of the Shoals.
You worshipped Lugonu.
Lugonu was greatly pleased with you.
You visited 6 branches of the dungeon, and saw 25 of its levels.
You visited the Abyss 1 time.
You also visited: Gauntlet and Ice Cave.

You collected 2579 gold pieces.
You spent 546 gold pieces at shops.

Inventory:

Hand Weapons
 w - a +3 quarterstaff of chaos
 R - the +7 lajatang of Order (weapon) {silver, rMut}
   (You acquired it on level 14 of the Dungeon)

   rMut:      It protects you from mutation.
Missiles
 e - 24 javelins
 L - a throwing net
Armour
 c - a +2 pair of gloves of stealth (worn)
 o - a +0 pair of gloves
 q - the +1 hat of Past Mistakes {Dex+3}
   (You found it in a Gauntlet)

   Dex+3:     It affects your dexterity (+3).
 B - the +0 ring mail of Death Resistance (worn) {Dex+2 Slay+3}
   (You bought it in a shop on level 8 of the Dungeon)

   Dex+2:     It affects your dexterity (+2).
   Slay+3:    It affects your accuracy & damage with ranged weapons and melee
   (+3).
 E - a +2 pair of boots of rampaging (worn)
 M - the scarf of Gehenna (worn) {rC+ rF+, Harm Regen+}
   (You found it on level 1 of the Lair of Beasts)

   Regen+:    It increases your rate of health regeneration.
   Harm:      It increases damage dealt and taken.
 N - a +1 pair of boots
 Q - a +0 hat of see invisible (worn)
 T - the +1 pair of boots "Guagy" {Harm}
   (You bought it in a shop on level 2 of the Orcish Mines)

   Harm:      It increases damage dealt and taken.
Jewellery
 a - a +6 ring of dexterity
 g - the ring of Ilorac {rF+ Will+ rCorr}
   (You found it in an ice cave)

   [ring of willpower]

   rF+:       It protects you from fire.
   Will+:     It increases your willpower.
   rCorr:     It protects you from acid and corrosion.
 i - a ring of poison resistance
 k - a ring of magical power
 m - a +5 ring of evasion
 v - a +4 ring of protection (left hand)
 x - an amulet of guardian spirit (around neck)
 P - a ring of protection from cold (right hand)
Wands
 d - a wand of charming (20)
 u - a wand of roots (34)
 I - a wand of light (3) (quivered)
 J - a wand of digging (8)
 S - a wand of mindburst (5)
Scrolls
 b - 2 scrolls of fog
 l - 8 scrolls of identify
 p - 3 scrolls of enchant weapon
 s - 6 scrolls of poison
 t - 3 scrolls of teleportation
 y - 3 scrolls of immolation
 A - 2 scrolls of vulnerability
 C - a scroll of blinking
 F - a scroll of revelation
 K - a scroll of enchant armour
 O - a scroll of silence
Potions
 f - 5 potions of curing
 h - 6 potions of mutation
 n - a potion of resistance
 r - 4 potions of brilliance
 z - 2 potions of enlightenment
 D - 3 potions of lignification
 G - a potion of ambrosia
 H - a potion of invisibility


   Skills:
 + Level 17.6 Fighting
 + Level 12.7 Staves
 - Level 1.7 Throwing
 + Level 14.0 Armour
 + Level 14.3 Dodging
 + Level 1.9 Invocations


You had 15 spell levels left.
You didn't know any spells.
Your spell library contained the following spells:

 Spells                   Type           Power      Damage    Failure   Level
 Shock                    Conj/Air       0%         1d3       38%         1
 Poisonous Vapours        Pois/Air       0%         N/A       54%         2
 Hailstorm                Conj/Ice       0%         3d3       77%         3
 Inner Flame              Hex/Fire       0%         N/A       77%         3
 Sigil of Binding         Hex            0%         N/A       77%         3
 Cause Fear               Hex            0%         N/A       99%         4
 Leda's Liquefaction      Hex/Erth       0%         N/A       99%         4
 Olgreb's Toxic Radiance  Pois           0%         N/A       99%         4
 Summon Ice Beast         Ice/Summ       0%         N/A       99%         4
 Fireball                 Conj/Fire      0%         3d3       100%        5
 Simulacrum               Ice/Necr       0%         N/A       100%        6
 Ozocubu's Refrigeration  Ice            0%         4d7       100%        7
 Discord                  Hex            0%         N/A       100%        8
 Ignition                 Fire           0%         3d3       100%        8
 Dragon's Call            Summ           0%         N/A       100%        9
 Polar Vortex             Ice            0%         N/A       100%        9


Dungeon Overview and Level Annotations

Branches:
Dungeon (15/15)            Temple (1/1) D:6            Lair (5/5) D:8
 Shoals (1/4) Lair:2        Snake (0/4) Lair:3        Slime (1/5) Lair:4
    Orc (2/2) D:11            Elf (0/3) Orc:2        Vaults (0/5) D:13
 Depths (0/4) D:15          IceCv (visited)         Gauntlet (visited)

Altars:
Ashenzari
Cheibriados
Dithmenos
Fedhas
Gozag
Hepliaklqana
Kikubaaqudgha
Makhleb
Nemelex Xobeh
Okawaru
Qazlal
Ru
Sif Muna
Uskayaw
Vehumet
Xom
Yredelemnul

Shops:
D:2 (   D:5 (([[:   D:8 [[   D:11 ([   D:13 :   Orc:2 *[*[   Shoals:1 (

Annotations:
Shoals:1 Nikola


Innate Abilities, Weirdness & Mutations

You have hoof-like feet.
You are completely covered in molten scales. (AC +4, rF+)
You sometimes emit foul miasma when damaged in melee.
You are partially covered in sharp spines.
Your hexes are more powerful.
Your mind is acute. (Int +4, Str/Dex -1)
Your flesh is cold resistant. (rC+)
You are strong-willed. (Will+)
You occasionally shout uncontrollably at your foes.


Message History

The merfolk hits you but does no damage.
Nikola is struck by your spines. Nikola closely misses you.
You struggle against the net.
The merfolk siren chants a haunting song.
You resist with almost no effort.
Nikola hits you with a +4 rapier of electrocution!
* * * LOW HITPOINT WARNING * * *
You are electrocuted!!
* * * LOW HITPOINT WARNING * * *
The merfolk barely misses you.
You feel much better.
The merfolk siren chants a haunting song.
You resist with some effort. Nikola hits you but does no damage.
The merfolk closely misses you.
You struggle against the net.
The merfolk siren chants a haunting song.
You are mesmerised by the merfolk siren!
The merfolk hits you but does no damage.
Nikola hits you with a +4 rapier of electrocution!
* * * LOW HITPOINT WARNING * * *
Okay, then.
Okay, then.
You fade into invisibility!
The merfolk siren hits you but does no damage.
Nikola mumbles some strange words.
Lightning arcs from Nikola's hands!
The bolt of lightning hits the merfolk siren!!!!
You are no longer entranced.
The merfolk siren dies!
A bolt of lightning appears from out of thin air!
The bolt of lightning hits Nikola.
The bolt of lightning hits you!!
* * * LOW HITPOINT WARNING * * *
The bolt of lightning hits the merfolk!
The merfolk shouts!
You hear a shout! x3; You hear an angry hiss.
Unknown command.
You feel much better.
Nikola mumbles some strange words.
Lightning arcs from Nikola's hands!
The bolt of lightning hits you!!!!
Ouch! That really hurt!
You die...

....~~~~..~~~....>~~~≈≈≈≈
....~≈≈~..~~~.....~~~≈≈≈≈
..~~≈≈≈≈..~~......~~~≈≈≈≈
~~~.~≈≈~..........~~~~~≈≈
.).~≈≈~...###....~~~~~~≈
#.≈≈≈≈≈.#####.~..~~~~~~~
.~≈~.≈≈.........<~≈~~~~~
~........m.......~~~~~~~
~..##....@....#.≈≈~~~~~~
≈≈.....§.@#..##..≈≈~.~~~
≈≈...~§.)#######...~.~~~
....P§.§§# .....~~~~
...PPP§...@...~....~~~~
.~≈≈≈P..§...##########~
..≈≈~~......#
..≈≈~.....m.#
........@...#


You could see Nikola and a merfolk (unable to see you).

Vanquished Creatures
  Jorgrun (D:14)
  Frances (D:14)
  Gastronok (Lair:2)
  3 tentacled starspawn (Abyss:2)
  A frost giant (D:11)
  Louise (D:15)
  A quicksilver ooze (Lair:4)
  Nessos (D:14)
  A red draconian (Abyss:2)
  A white draconian (IceCv)
  A minotaur (Gauntlet)
  A dire elephant (D:15)
  An ettin (Orc:2)
  A blizzard demon (Gauntlet)
  A merfolk impaler (Shoals:1)
  Erolcha (D:11)
  Harold (Lair:1)
  7 vault guards (D:13)
  6 hydras
  A catoblepas (D:13)
  An ogre mage (D:15)
  2 centaur warriors
  An anaconda (Lair:1)
  8 two-headed ogres
  3 boulder beetles
  4 death yaks (Lair:5)
  A death scarab (Gauntlet)
  2 tengu warriors
  A thrashing horror (Abyss:2)
  A deep elf knight (D:12)
  3 skysharks
  10 skeletal warriors
  A spectral death yak (Gauntlet)
  A sea snake (Shoals:1)
  4 large abominations (Abyss:2)
  A glowing orange brain (Abyss:2)
  A deep elf archer (D:12)
  A phantasmal warrior (D:11)
  A lindwurm (Lair:1)
  3 orc knights
  3 deep elf pyromancers
  7 manticores
  A wolf spider (D:15)
  An orc sorcerer (Orc:1)
  3 ugly things
  The ghost of PanSaczeczos the Trooper, a novice GrMo of Fedhas (D:7)
  An oklob plant (Lair:4)
  6 cyclopes
  Maurice (D:8)
  A shining eye (Slime:1)
  2 ice statues (IceCv)
  A smoke demon (Abyss:2)
  7 elephants
  5 black mambas
  4 gargoyles (D:11)
  9 cane toads
  4 torpor snails (Lair:1)
  3 kobold blastminers
  A dire elephant zombie (Abyss:2)
  3 kobold demonologists
  6 komodo dragons
  7 rime drakes
  A rime drake (shapeshifter) (D:13)
  A tengu conjurer (D:11)
  A yaktaur (D:12)
  8 polar bears
  12 trolls
  A wind drake (Lair:2)
  Grinder (D:3)
  5 hornets
  30 blink frogs
  A raiju (shapeshifter) (D:15)
  2 raiju (Abyss:2)
  2 dream sheep (Lair:5)
  2 shadows
  4 flying skulls (Gauntlet)
  A vampire (D:13)
  A ynoxinul (Abyss:2)
  A water elemental (Abyss:2)
  5 wyverns
  13 spriggans (Lair:5)
  26 yaks
  A wraith (D:11)
  A hog (shapeshifter) (D:15)
  2 chaos spawn (Abyss:2)
  4 basilisks
  5 vampire mosquitoes
  4 wargs
  3 nagas (Lair:3)
  6 water moccasins
  8 ice beasts
  33 orc warriors
  4 small abominations (Abyss:2)
  3 ogres
  6 black bears
  4 boggarts (Lair:5)
  32 wolves
  10 centaurs
  A phantom (D:6)
  2 kobold brigands
  Blork the orc (D:4)
  6 bullfrogs
  2 scorpions (D:6)
  5 wights (D:6)
  16 killer bees
  4 lindwurm simulacra (IceCv)
  A howler monkey (D:12)
  2 electric eels
  A quasit (Abyss:2)
  6 komodo dragon simulacra (IceCv)
  An iron imp (D:11)
  4 jellies
  10 orc priests
  Crazy Yiuf (D:7)
  3 hounds
  A sleepcap (D:6)
  Jessica (D:2)
  4 iguanas
  Natasha (thrice) (D:3)
  10 orc wizards
  4 hell rats (Lair:1)
  Robin (D:3)
  A killer bee simulacrum (D:7)
  2 gnolls (D:6)
  6 acid dragon simulacra (IceCv)
  10 adders
  3 white imps (D:7)
  4 steam dragon simulacra (IceCv)
  2 ufetubi (D:6)
  2 worms
  2 dart slugs (D:4)
  60 orcs
  9 ball pythons
  An endoplasm (shapeshifter) (D:14)
  7 endoplasms
  3 giant cockroaches
  16 hobgoblins
  2 jackals (D:5)
  2 quokkas
  15 bats
  20 goblins
  17 kobolds
  6 rats
684 creatures vanquished.

Vanquished Creatures (others)
  2 manticores (Shoals:1)
  A merfolk siren (Shoals:1)
  A lurking horror (Abyss:2)
  7 starspawn tentacles (Abyss:2)
11 creatures vanquished.

Grand Total: 695 creatures vanquished

Notes
Turn   | Place    | Note
-------+----------+-------------------------------------------
     0 | D:1      | theswoord the Demonspawn Gladiator began the quest for the
                  | Orb.
     0 | D:1      | Reached XP level 1. HP: 16/16 MP: 1/1
   191 | D:1      | Gained mutation: You may rarely emit foul miasma when
                  | damaged in melee. [demonic ancestry]
   191 | D:1      | Reached XP level 2. HP: 22/22 MP: 2/2
   815 | D:2      | Gained mutation: You are partially covered in sharp spines.
                  | [demonic ancestry]
   815 | D:2      | Reached XP level 3. HP: 24/27 MP: 3/3
   925 | D:2      | Noticed Jessica
   933 | D:2      | Killed Jessica
   934 | D:2      | Gained mutation: You sometimes emit foul miasma when
                  | damaged in melee. [demonic ancestry]
   934 | D:2      | Reached XP level 4. HP: 24/33 MP: 4/4
  1038 | D:2      | Found Icebag's Antique Weapon Shoppe.
  1435 | D:3      | Reached skill level 5 in Staves
  1443 | D:3      | Noticed Robin
  1470 | D:3      | Reached XP level 5. HP: 32/38 MP: 5/5
  1473 | D:3      | Killed Robin
  1527 | D:3      | Identified the +1 cloak of Kasyfe Mota {Int-2 Dex+4 Stlth+}
  1627 | D:3      | Noticed Natasha
  1628 | D:3      | Noticed Grinder
  1633 | D:3      | Gained mutation: You are strong-willed. (Will+) [potion of
                  | mutation]
  1633 | D:3      | Gained mutation: You occasionally shout uncontrollably at
                  | your foes. [potion of mutation]
  1633 | D:3      | Gained mutation: You have hidden genetic potential. [potion
                  | of mutation]
  1633 | D:3      | Gained mutation: Your mind is acute. (Int +4, Str/Dex -1)
                  | [potion of mutation]
  1643 | D:3      | Killed Grinder
  1644 | D:3      | Reached XP level 6. HP: 28/44 MP: 6/6
  1650 | D:3      | Killed Natasha
  1936 | D:3      | Noticed Natasha
  1943 | D:3      | Killed Natasha
  2021 | D:3      | Noticed Natasha
  2030 | D:3      | Killed Natasha
  2328 | D:4      | Noticed Blork the orc
  2338 | D:4      | Killed Blork the orc
  2339 | D:4      | Reached XP level 7. HP: 38/50 MP: 7/7
  2560 | D:4      | Gained mutation: You have large cloven feet. [hidden
                  | potential]
  2692 | D:5      | Entered Level 5 of the Dungeon
  2715 | D:5      | Found Esar's Weapon Shop.
  2772 | D:5      | Found Cayja's Weapon Emporium.
  2956 | D:5      | Found Otica's Book Emporium.
  3012 | D:5      | Found a sacrificial altar of Ru.
  3016 | D:5      | Found an iron altar of Okawaru.
  3016 | D:5      | Found a blossoming altar of Fedhas.
  3135 | D:5      | Found Caing's Antique Armour Emporium.
  3179 | D:5      | Noticed a wyvern
  3179 | D:5      | Noticed a shadow
  3393 | D:5      | Found Difyuh's Antique Armour Boutique.
  3571 | D:6      | Gained mutation: You are partially covered in molten
                  | scales. (AC +2) [demonic ancestry]
  3571 | D:6      | Reached XP level 8. HP: 56/56 MP: 8/8
  3876 | D:6      | Reached skill level 10 in Staves
  4050 | D:6      | Found a staircase to the Ecumenical Temple.
  4062 | Temple   | Entered the Ecumenical Temple
  4560 | D:6      | Noticed a hornet
  4564 | D:6      | Paralysed by a hornet for 2 turns
  4567 | D:6      | Killed a hornet
  4568 | D:6      | Gained mutation: You are mostly covered in molten scales.
                  | (AC +3) [demonic ancestry]
  4568 | D:6      | Reached XP level 9. HP: 46/61 MP: 9/9
  5295 | D:7      | Gained mutation: Your flesh is cold resistant. (rC+)
                  | [hidden potential]
  5295 | D:7      | Lost mutation: You have hidden genetic potential. [hidden
                  | potential expressed]
  5443 | D:7      | Found a runed translucent door.
  5444 | D:7      | Noticed Crazy Yiuf
  5449 | D:7      | Killed Crazy Yiuf
  5547 | D:7      | Found a runed translucent gate.
  5547 | D:7      | Found a runed translucent gate.
  5547 | D:7      | Found a runed translucent gate.
  5843 | D:7      | Reached skill level 1 in Armour
  5863 | D:7      | Found a sparkling altar of Nemelex Xobeh.
  5961 | D:7      | Found a shimmering blue altar of Sif Muna.
  5992 | D:7      | Noticed PanSaczeczos's ghost (novice GrMo)
  6062 | D:7      | Killed PanSaczeczos's ghost
  6063 | D:7      | Reached skill level 3 in Fighting
  6324 | D:8      | Noticed a rime drake
  6364 | D:8      | Killed a rime drake
  6365 | D:8      | Reached skill level 4 in Fighting
  6518 | D:8      | Gained mutation: You are completely covered in molten
                  | scales. (AC +4, rF+) [demonic ancestry]
  6518 | D:8      | Reached XP level 10. HP: 72/72 MP: 10/10
  6585 | D:8      | Found a snail-covered altar of Cheibriados.
  6738 | D:8      | Found a staircase to the Lair.
  6889 | D:8      | Found Weassotz's Antique Armour Shoppe.
  6896 | D:8      | Bought a spiked ring mail for 252 gold pieces
  6896 | D:8      | Identified the +0 ring mail of Death Resistance {Dex+2
                  | Slay+3} (You bought it in a shop on level 8 of the Dungeon)
  7040 | D:8      | Found Vouz's Armour Emporium.
  7059 | D:8      | Noticed Maurice
  7071 | D:8      | Maurice stole 9 javelins
  7073 | D:8      | Killed Maurice
  7074 | D:8      | Reached skill level 5 in Fighting
  7074 | D:8      | Reached skill level 5 in Dodging
  8387 | D:10     | Entered Level 10 of the Dungeon
  8563 | D:10     | Reached skill level 6 in Fighting
  8563 | D:10     | Reached skill level 5 in Armour
  8908 | D:10     | Found an iron altar of Okawaru.
  8910 | D:10     | Found a burning altar of Makhleb.
  8910 | D:10     | Found a burning altar of Makhleb.
  8912 | D:10     | Found a broken altar of Ashenzari.
  8912 | D:10     | Found a shimmering blue altar of Sif Muna.
  8912 | D:10     | Found a shimmering altar of Xom.
  9385 | D:11     | You fall into a shaft and drop 3 floors!
  9392 | D:14     | Noticed Frances
  9395 | D:14     | Noticed a smoke demon
  9397 | D:14     | Noticed Nessos
  9397 | D:14     | Noticed an orc knight
  9406 | D:14     | Noticed Jorgrun
  9407 | D:14     | Noticed a manticore
  9419 | D:13     | Killed a manticore
  9420 | D:13     | Reached skill level 7 in Fighting
  9420 | D:13     | Mutation became permanent: You have large cloven feet.
                  | [demonic ancestry]
  9420 | D:13     | Gained mutation: You have large cloven feet. [demonic
                  | ancestry]
  9420 | D:13     | Reached XP level 11. HP: 43/84 MP: 9/11
  9551 | D:13     | Found Eriprow's Self-Published Books.
  9653 | D:12     | Noticed a brown ugly thing
  9657 | D:12     | Noticed a deep elf archer
  9683 | D:12     | Noticed a red ugly thing
  9768 | D:11     | Found Famosh's Weapon Boutique.
  9770 | D:11     | Found a staircase to the Orcish Mines.
  9812 | D:11     | Found Idghuor's Armour Boutique.
  9969 | D:11     | Identified the +0 scale mail "Voull" {rElec rN+}
 10041 | D:11     | Noticed a two-headed ogre
 10218 | D:11     | Killed a two-headed ogre
 10223 | D:11     | Reached skill level 8 in Fighting
 10361 | D:11     | Found a snail-covered altar of Cheibriados.
 10380 | D:11     | Noticed a skeletal warrior
 10380 | D:11     | Noticed a skeletal warrior
 10380 | D:11     | Noticed a skeletal warrior
 10380 | D:11     | Noticed a skeletal warrior
 10445 | D:10     | Killed a skeletal warrior
 10606 | D:10     | Killed a skeletal warrior
 10772 | D:11     | Killed a skeletal warrior
 10772 | D:11     | Noticed a skeletal warrior
 10916 | D:10     | Killed a skeletal warrior
 11008 | D:11     | Killed a skeletal warrior
 11143 | D:11     | Reached skill level 9 in Fighting
 11361 | D:11     | Noticed a phantasmal warrior
 11381 | D:11     | Killed a phantasmal warrior
 11382 | D:11     | Gained mutation: Your hexes are more powerful. [demonic
                  | ancestry]
 11382 | D:11     | Reached XP level 12. HP: 91/95 MP: 12/12
 11391 | D:11     | Noticed a frost giant
 11392 | D:11     | Noticed a tengu warrior
 11447 | D:11     | Killed a frost giant
 11704 | D:11     | Noticed Erolcha
 11715 | D:11     | Killed Erolcha
 12218 | D:11     | Killed a tengu warrior
 12456 | Lair:1   | Entered Level 1 of the Lair of Beasts
 12685 | Lair:1   | Reached skill level 10 in Fighting
 12814 | Lair:1   | Noticed Harold
 12828 | Lair:1   | Killed Harold
 12834 | Lair:1   | Identified the scarf of Gehenna {rC+ rF+, Harm Regen+}
 12947 | Lair:1   | Found a snail-covered altar of Cheibriados.
 13045 | Lair:1   | a torpor snail changed into an anaconda
 13045 | Lair:1   | Noticed an anaconda
 13048 | Lair:1   | Killed an anaconda
 13957 | Lair:2   | Reached skill level 10 in Dodging
 14099 | Lair:2   | Found a staircase to the Shoals.
 14295 | Lair:2   | Reached skill level 11 in Fighting
 14357 | Lair:2   | Gained mutation: You have hoof-like feet. [demonic
                  | ancestry]
 14357 | Lair:2   | Reached XP level 13. HP: 106/106 MP: 13/13
 14420 | Lair:2   | Noticed Gastronok
 14442 | Lair:2   | Killed Gastronok
 14821 | Lair:3   | Found a staircase to the Snake Pit.
 14830 | Lair:3   | Reached skill level 10 in Armour
 15696 | Lair:4   | Found a frozen archway.
 15869 | IceCv    | Entered an ice cave
 16112 | IceCv    | Reached skill level 12 in Fighting
 16143 | IceCv    | Noticed a white draconian
 16163 | IceCv    | Killed a white draconian
 16260 | IceCv    | Identified the ring of Ilorac {rF+ Will+ rCorr}
 17125 | Lair:4   | Found a staircase to the Slime Pits.
 17434 | Lair:5   | Entered Level 5 of the Lair of Beasts
 17538 | Lair:5   | Reached XP level 14. HP: 45/116 MP: 7/14
 17552 | Lair:5   | Found a gate leading to a gauntlet.
 17561 | Gauntlet | Entered a Gauntlet
 17561 | Gauntlet | Found a transporter.
 17640 | Gauntlet | Found a transporter.
 17642 | Gauntlet | Found a transporter.
 17653 | Gauntlet | Found a transporter.
 17656 | Gauntlet | Found a transporter.
 17667 | Gauntlet | Found a transporter.
 17683 | Gauntlet | Found a transporter.
 17694 | Gauntlet | Found a transporter.
 17696 | Gauntlet | Found the +2 cloak of the Thief {*Fog Slay-2 SInv Stlth+}
 17701 | Gauntlet | Found a runed translucent gate.
 17701 | Gauntlet | Found a runed translucent gate.
 17701 | Gauntlet | Found a runed translucent gate.
 17705 | Gauntlet | Found a transporter.
 17719 | Gauntlet | Found a transporter.
 17733 | Gauntlet | Found a transporter.
 17747 | Gauntlet | Found a transporter.
 17770 | Gauntlet | Found a transporter.
 17770 | Gauntlet | Found a transporter.
 17920 | Gauntlet | Identified the +1 hat of Past Mistakes {Dex+3}
 18046 | Gauntlet | Got the Lessons on Star-crossed Thunder
 18096 | Lair:5   | Reached skill level 13 in Fighting
 18457 | Lair:5   | Reached skill level 14 in Fighting
 18909 | Lair:5   | Identified the +5 arbalest of Kifaerir {speed, Drain rPois
                  | Str+6 Int+3}
 19348 | Slime:1  | Entered Level 1 of the Pits of Slime
 19372 | Slime:1  | Noticed a quicksilver ooze
 19404 | Lair:4   | Killed a quicksilver ooze
 20119 | D:12     | Reached skill level 15 in Fighting
 20701 | D:13     | Found a gate to the Vaults.
 20736 | D:13     | Reached XP level 15. HP: 54/129 MP: 5/15
 20974 | D:13     | Identified the +9 rapier of Sunlight {flame, rElec rCorr
                  | Str+2 Stlth-}
 21254 | D:13     | Reached skill level 16 in Fighting
 21594 | D:14     | Killed Frances
 21601 | D:14     | Killed Nessos
 21613 | D:14     | Killed Jorgrun
 21713 | D:14     | Identified a scroll of acquirement
 21714 | D:14     | Acquired the +7 lajatang of Order {silver, rMut}
 21714 | D:14     | Found the +7 lajatang of Order {silver, rMut}
 22183 | D:15     | Entered Level 15 of the Dungeon
 22337 | D:15     | Noticed Louise
 22341 | Abyss:2  | Cast into level 2 of the Abyss (Louise)
 22387 | Abyss:2  | Found a corrupted altar of Lugonu.
 22389 | Abyss:2  | Found a corrupted altar of Lugonu.
 22389 | Abyss:2  | Found a corrupted altar of Lugonu.
 22396 | Abyss:2  | Became a worshipper of Lugonu the Unformed
 22396 | Abyss:2  | Reached * piety under Lugonu
 22396 | Abyss:2  | Reached ** piety under Lugonu
 22453 | Abyss:2  | Found a corrupted altar of Lugonu.
 22478 | Abyss:2  | Noticed a tentacled starspawn
 22480 | Abyss:2  | Killed a tentacled starspawn
 22651 | Abyss:2  | Noticed a tentacled starspawn
 22659 | Abyss:2  | Killed a tentacled starspawn
 22660 | Abyss:2  | Reached skill level 17 in Fighting
 22667 | Abyss:2  | Noticed a tentacled starspawn
 22689 | Abyss:2  | Killed a tentacled starspawn
 22701 | D:15     | Escaped the Abyss
 22712 | D:15     | Killed Louise
 23058 | D:15     | Found a staircase to the Depths.
 23459 | Orc:1    | Entered Level 1 of the Orcish Mines
 23643 | Orc:2    | Entered Level 2 of the Orcish Mines
 23803 | Orc:2    | Reached *** piety under Lugonu
 23854 | Orc:2    | Reached XP level 16. HP: 36/141 MP: 4/16
 23859 | Orc:2    | Found Vuluom's Assorted Antiques.
 23859 | Orc:2    | Found Ozalim's Armour Emporium.
 23861 | Orc:2    | Found Atasijyuga's General Store.
 23863 | Orc:2    | Found Vetagrom's Antique Armour Boutique.
 23956 | Orc:2    | Bought a pair of crude boots for 294 gold pieces
 23956 | Orc:2    | Identified the +1 pair of boots "Guagy" {Harm} (You bought
                  | it in a shop on level 2 of the Orcish Mines)
 23993 | Orc:2    | Found a staircase to the Elven Halls.
 24012 | Orc:2    | Reached skill level 1 in Invocations
 24591 | Orc:1    | Reached **** piety under Lugonu
 24883 | Shoals:1 | Entered Level 1 of the Shoals
 24897 | Shoals:1 | Found Zafinihokh's Weapon Boutique.
 24942 | Shoals:1 | Noticed Nikola
 24966 | Shoals:1 | Killed from afar by Nikola

Skill      XL: |  1  2  3  4  5  6  7  8  9 10 11 12 13 14 15 16 |
---------------+-------------------------------------------------+-----
Staves         | 3 4 5 6 7 9 11 12 | 12.7
Armour         | 3 5 8 9 11 12 13 14 | 14.0
Dodging        | 4 6 8 10 11 13 14 | 14.3
Fighting       | 4 7 9 11 12 15 17 | 17.6
Invocations    | 1 |  1.9
Throwing       | |  1.7

Action                     |  1- 3 |  4- 6 |  7- 9 | 10-12 | 13-15 | 16-18 || total
---------------------------+-------+-------+-------+-------+-------+-------++-------
  Melee: Quarterstaff      |    76 |    95 |   247 |   525 |   943 |       ||  1886
         Kick              |       |       |    80 |   189 |       |       ||   269
         Lajatang          |       |       |       |       |   216 |    57 ||   273
         Unarmed           |       |       |       |       |     2 |       ||     2
  Throw: Throwing net      |       |     1 |     3 |       |     4 |       ||     8
  Evoke: Wand              |       |       |       |       |     3 |       ||     3
    Use: Scroll            |     4 |     7 |     6 |    10 |     7 |     1 ||    35
         Potion            |       |     1 |     2 |     1 |     6 |     3 ||    13
   Stab: Sleeping          |       |     6 |     1 |       |     4 |       ||    11
         Held in net/web   |       |       |     2 |       |       |       ||     2
         Invisible         |       |       |     3 |       |     8 |       ||    11
         Confused          |       |       |     1 |     2 |     4 |       ||     7
         Paralysed         |       |       |       |     3 |     2 |       ||     5
 Armour: Leather armour    |    49 |    46 |    11 |       |       |       ||   106
         Scale mail        |       |       |   124 |    11 |       |       ||   135
         Ring mail         |       |       |       |   261 |   767 |    44 ||  1072
         Skin              |       |       |       |       |     2 |       ||     2
  Dodge: Dodged            |    50 |    32 |    91 |   272 |   877 |    62 ||  1384

Levels and vault maps discovered:
D:1:      roderic_chinese_lattice_arrival, layout_basic, minmay_cupped
D:2:      layout_basic, serial_shops, shop, minmay_fountain_box, uniq_jessica
D:3:      layout_basic, uniq_natasha, uniq_robin, uniq_grinder
D:4:      black_bear_nest_1, layout_rooms, uniq_blork_the_orc
D:5:      layout_basic, gammafunk_temple_overflow_forgotten, serial_shops, shop,
          nicolae_shop_rolling_square, shop, nicolae_shop_window_shopping,
          nicolae_shop_window_shopping, lightli_corner_chamber
D:6:      corexii_shantytown, layout_basic, minmay_temple_entry_grid
D:7:      layout_cave_pools, nicolae_overflow_hidden_temple,
          gammafunk_ghost_icy, hangedman_decor_push, nicolae_letterblocks
          [nicolae_letter_subblock, nicolae_letter_subblock,
          nicolae_letter_subblock, nicolae_letter_subblock,
          nicolae_letter_subblock, nicolae_letter_subblock,
          nicolae_letter_subblock, nicolae_letter_subblock,
          nicolae_letter_subblock, nicolae_letter_subblock,
          nicolae_letter_subblock, nicolae_letter_subblock,
          nicolae_letter_subblock, nicolae_letter_subblock,
          nicolae_letter_subblock, nicolae_letter_subblock,
          nicolae_letter_subblock, nicolae_letter_subblock,
          nicolae_letter_subblock, nicolae_letter_subblock,
          nicolae_letter_subblock, nicolae_letter_subblock,
          nicolae_letter_subblock, nicolae_letter_subblock,
          nicolae_letter_subblock], uniq_crazy_yiuf_cottage
D:8:      layout_loops_corners, nicolae_overflow_crystal_walls,
          hellmonk_lair_entry_icy, serial_shops, shop_fountains, shop,
          skrybe_limestone_x, chequers_decorated_corner,
          dreamdust_princess_corridor, uniq_maurice
D:9:      corexii_shack_village, layout_loops_corners
D:10:     layout_loops_ring, doesnt_xom_only_xom, kennysheep_path_1
D:11:     nzn_winding_woodlands_medium [nzn_winding_woodlands_5x5_perimeter,
          nzn_winding_woodlands_5x15_lazy_stream,
          nzn_winding_woodlands_5x5_checkerboard,
          nzn_winding_woodlands_5x5_default,
          nzn_winding_woodlands_center_triple_pond,
          nzn_winding_woodlands_5x5_three,
          nzn_winding_woodlands_5x5_closed_star,
          nzn_winding_woodlands_5x15_cabin, nzn_winding_woodlands_hourglass],
          layout_basic, orc_david_3, slow_altar_1, uniq_erolcha
D:12:     layout_irregular_city, minmay_fractal_squares_gapless_7
D:13:     layout_roguey, erik_vaults_2, nicolae_custom_books,
          minmay_diced_spiral
D:14:     layout_loops_ring, nicolae_elevator_lobby_asterisk,
          nrook_pool_corridor, uniq_nessos, uniq_jorgrun, uniq_frances
D:15:     hangedman_depths_entry_try_elsewhere_first, layout_irregular_city,
          chequers_serial_rivers_small_b, uniq_louise
Temple:   oiseaux_autumnal_temple
Lair:1:   layout_cave_pods, nicolae_volcano_entry_vermiform,
          kennysheep_snail_temple, uniq_harold
Lair:2:   layout_loops_ring, minmay_shoals_entry_beasts, uniq_gastronok
Lair:3:   layout_regular_city, guppyfry_snake_entry_garden, roderic_batcave,
          grunt_megastairs_3, infiniplex_staircase_pool, lemuel_fruit_tree
Lair:4:   layout_cave_shapes, slime_entry_1, portal_ice_cave_entry_pillars_1,
          lemuel_fruit_fields, grunt_megastairs_2
Lair:5:   minmay_lair_end_enchanted_forest, layout_loops_ring,
          gauntlet_entry_generic, grunt_megastairs_4
Shoals:1: layout_shoals, serial_shops, shop, nicolae_shop_peninsula, shop,
          nicolae_shop_waterfront, shop_scrolls, nicolae_shoals_water_booths,
          uniq_nikola, uniq_kirke
Slime:1:  layout_caves
Orc:1:    layout_caves, basic_altar, blackcustard_rock_pile
Orc:2:    st_orc_rangers, layout_diamond_mine
